cohdb
Replays
Latest Replays
All Replays
Popular Replays
Top Player Replays
Match Explorer
How It Works
Community
CoH3 Stats
Reddit
Sign in to upload your games and track your stats! →
Sign in with Steam
Match 40996291
Unlisted
Match 40996291
Overview
Messages
Build Orders
End
Engineer Squad
Construct Barracks
Selects Armored Battlegroup
Selects Veteran Crews
1⁄4-ton 4x4 Truck
Riflemen Squad
Riflemen Squad
Riflemen Squad
Mechanized Support Center
Construct Weapon Support Center
M3 Armored Personnel Carrier
Selects Strength in Steel
M1918 Browning Automatic Rifles
Grenade Package
M3 Armored Personnel Carrier
.30 cal Machine Gun
Engineer Squad
Designate Forward Repair Station
Riflemen Squad
Salvage Crew
Riflemen Squad
Engineer Squad
Bazooka Squad
JLODGE
(✺ω✺)chupacabra
A2O
我真的不是驴
Phan
Dark Angels
shadow 2
mayomeyo
0
0
Comments
sign in to comment!
No comments posted yet!